 Dungeon Crawl Stone Soup version 0.31.0-1-g2c135a008e (webtiles) character file.

Game seed: 3711297943159114788

121 qw the Shooter (level 5, 0/40 HPs)
             Began as a Djinni Hunter on Jan 23, 2024.
             Slain by Pikel
             ... wielding a +0 whip of electrocution
              (10 damage)
             ... on level 4 of the Dungeon.
             The game lasted 00:00:10 (2986 turns).

qw the Shooter (Djinni Hunter)                      Turns: 2986, Time: 00:00:10

Health: 0/40       AC: 15    Str: 10    XL:     5   Next: 26%
Gold:   181        EV: 11    Int: 11    God:
                   SH:  0    Dex: 18

rFire   + + +        a - +1 shortbow
rCold   x . .        (shield currently unavailable)
rNeg    . . .        g - +6 ring mail of Sif Muna's Respect {rF+ SInv}
rPois   inf          (no helmet)
rElec   .            (no cloak)
rCorr   .            (no gloves)
SInv    +            (boots unavailable)
Will    +....        (no amulet)
Stlth   +            f - ring of willpower
HPRegen 0.26/turn    e - +4 ring of protection
MPRegen 0.00/turn

%: infuse magic (-1 HP)
@: about to teleport, flying
A: sickness immunity, fire resistance 2, cold vulnerability 1, float, innate
caster, HP casting, extra vitality 1
a: no special abilities


You were on level 4 of the Dungeon.
You visited 1 branch of the dungeon, and saw 4 of its levels.

You collected 181 gold pieces.


Innate Abilities, Weirdness & Mutations

You are immune to sickness and miasma.
You are immune to poison.
Your flesh is very heat resistant. (rF++)
You are vulnerable to cold. (rC-)
You float through the air rather than walking.
You learn spells naturally, not from books.
Your magical power is your life essence.
You have superior vitality. (+4 MHP)


   Skills:
 - Level 3.1 Fighting
 + Level 4.5 Ranged Weapons
 - Level 1.0 Armour
 - Level 2.1 Dodging
 - Level 0.7 Stealth


You knew the following spells:

 Your Spells              Type           Power      Damage    Failure   Level
a - Apportation           Tloc           0%         N/A       65%         1
b - Jinxbite              Hex            0%         N/A       80%         2
Your spell library was empty.

Inventory:

Hand Weapons
 a - a +1 shortbow (weapon)
Armour
 g - the +6 ring mail of Sif Muna's Respect (worn) {rF+ SInv}
   (You found it on level 2 of the Dungeon)

   rF+:       It protects you from fire.
   SInv:      It lets you see invisible.
Jewellery
 e - a +4 ring of protection (right hand)
 f - a ring of willpower (left hand)
Scrolls
 b - a scroll of acquirement {unknown}
 h - a scroll of fear {unknown}
Potions
 c - a potion of curing
 j - a potion of degeneration {unknown}

Dungeon Overview and Level Annotations

Branches:
Dungeon (4/15)
 Temple: D:4-7

Altars:

Annotations:
D:2 1 runed translucent door, Crazy Yiuf
D:4 Pikel


Message History

You shoot an arrow. The arrow misses Pikel.
The arrow hits the lemure but does no damage.
Pikel closely misses you.
Pikel hits you with a +0 whip of electrocution.
You shoot an arrow. The arrow closely misses Pikel.
The arrow hits the lemure.
The lemure is lightly wounded.
Pikel hits you with a +0 whip of electrocution.
You shoot an arrow. The arrow closely misses Pikel.
The arrow hits the lemure.
The lemure is moderately wounded.
Pikel closely misses you.
You shoot an arrow.
The arrow hits Pikel but does no damage.
Pikel is lightly wounded.
Pikel barely misses you. Pikel completely misses you.
You shoot an arrow.
The arrow hits Pikel but does no damage.
Pikel is lightly wounded.
Pikel hits you with a +0 whip of electrocution.
You shoot an arrow. The arrow barely misses Pikel.
The arrow hits the lemure.
The lemure is moderately wounded.
Pikel hits you but does no damage.
You are electrocuted!
You shoot an arrow. The arrow hits Pikel!
Pikel is moderately wounded.
Pikel barely misses you. x2
You shoot an arrow. The arrow hits Pikel!
Pikel is heavily wounded.
Pikel hits you but does no damage.
You shoot an arrow. The arrow hits Pikel!
Pikel is severely wounded.
Pikel hits you but does no damage.
You are electrocuted!
2985 ||| READING scroll of teleportation.
As you read the scroll of teleportation, it crumbles to dust.
You feel strangely unstable. Pikel misses you.
You shoot an arrow. The arrow barely misses Pikel.
The arrow hits the lemure!
The lemure is heavily wounded.
Pikel hits you with a +0 whip of electrocution.
You are electrocuted!
You die...
Pikel says, "See you in Hell!"

# # # # ##### # #...# #
#...# #...#
.#############...# #
...555K@[........# #
##############?..# # #..>#
# ##...# ##### ###....#
....################......#
###..)............##.######
# ###############....# #
######


You could see Pikel and 3 lemures.

Vanquished Creatures
  A sleepcap (D:4)
  2 adders (D:2)
  2 dart slugs (D:3)
  A ribbon worm (D:2)
  An orc (D:3)
  7 ball pythons
  7 endoplasms
  A giant cockroach (D:1)
  4 goblins
  6 hobgoblins
  4 jackals (D:2)
  7 quokkas
  6 bats
  2 frilled lizards
  9 kobolds
  4 rats
64 creatures vanquished.

Notes
Turn   | Place    | Note
-------+----------+-------------------------------------------
     0 | D:1      | qw the Djinni Hunter began the quest for the Orb.
     0 | D:1      | Reached XP level 1. HP: 18/18 MP: 0/0
     0 | D:1      | 0 ||| qw: Version: 0.3-a-135-gb77e89d
     0 | D:1      | 0 ||| qw: Game counter: 872
     0 | D:1      | 0 ||| qw: Melee chars always use a shield: true
     0 | D:1      | 0 ||| qw: God list: Okawaru
     0 | D:1      | 0 ||| qw: Allow faded altars: false
     0 | D:1      | 0 ||| qw: Do Orc after clearing Dungeon:15 true
     0 | D:1      | 0 ||| qw: Do second Lair branch before Depths: true
     0 | D:1      | 0 ||| qw: Lair rune preference: random
     0 | D:1      | 0 ||| qw: Goals: Normal
     0 | D:1      | 0 ||| PLANNING D:1-11
   148 | D:1      | Reached XP level 2. HP: 23/23 MP: 0/0
   320 | D:1      | Reached XP level 3. HP: 28/28 MP: 0/0
   320 | D:1      | Learned a level 1 spell: Apportation
   323 | D:1      | Reached skill level 4 in Ranged Weapons
   764 | D:1      | Found a faded altar of an unknown god.
   895 | D:1      | 895 ||| UPGRADING to +0 ring mail.
   905 | D:1      | 905 ||| DROPPING +0 leather armour.
   906 | D:1      | 906 ||| UPGRADING to ring of willpower.
   907 | D:1      | 907 ||| READING scroll labelled BONOKIDGH RUOMU.
   908 | D:1      | 908 ||| READING scroll labelled BOGEOPAKLE.
   909 | D:1      | 909 ||| DRINKING 2 bubbling blue potions.
   960 | D:1      | 960 ||| DROPPING scroll of butterflies.
   961 | D:1      | 961 ||| DROPPING potion of lignification.
  1239 | D:2      | Found a runed translucent door.
  1240 | D:2      | Noticed Crazy Yiuf
  1356 | D:2      | Identified the +6 ring mail of Sif Muna's Respect {rF+
                  | SInv}
  1374 | D:2      | Reached skill level 1 in Armour
  1493 | D:2      | Reached XP level 4. HP: 34/34 MP: 0/0
  1919 | D:2      | 1919 ||| UPGRADING to +6 ring mail of Sif Muna's Respect
                  | {rF+ SInv}.
  1929 | D:2      | 1929 ||| DROPPING +0 ring mail.
  1930 | D:2      | 1930 ||| READING scroll labelled ESCHUA OHIJ.
  1930 | D:2      | 1930 ||| ENCHANTING +0 shortbow.
  1931 | D:2      | 1931 ||| READING 2 scrolls labelled BUTEICS MAUTZ.
  1932 | D:2      | 1932 ||| READING scroll labelled SIOCRAUMIUR.
  1933 | D:2      | 1933 ||| DRINKING 2 yellow potions.
  1934 | D:2      | 1934 ||| DROPPING scroll of noise.
  2005 | D:3      | 2005 ||| STAIRDANCE
  2008 | D:2      | Reached skill level 3 in Fighting
  2865 | D:3      | 2865 ||| UPGRADING to +4 ring of protection.
  2866 | D:3      | 2866 ||| READING scroll labelled UNECKIT DODDAMI.
  2866 | D:3      | 2866 ||| IDENTIFYING murky golden potion
  2867 | D:3      | 2867 ||| READING 2 scrolls labelled ECVEMO MIONNI.
  2871 | D:3      | 2871 ||| DROPPING potion of berserk rage.
  2920 | D:4      | Reached XP level 5. HP: 39/40 MP: 0/0
  2920 | D:4      | Learned a level 2 spell: Jinxbite
  2971 | D:4      | Noticed Pikel
  2971 | D:4      | Noticed a lemure
  2971 | D:4      | Noticed a lemure
  2972 | D:4      | Noticed a lemure
  2984 | D:4      | HP: 10/40 [Pikel/+0 whip of electrocution (9)]
  2985 | D:4      | 2985 ||| READING scroll of teleportation.
  2986 | D:4      | Slain by Pikel

Levels and vault maps discovered:
D:1:      erik_arrival_triangle_huge, layout_loops_ring,
          shapermc_ecumenical_altar_mp_highgroup, grunt_decor_mini_mirrors
D:2:      layout_loops_corners, minmay_misc_feat_more_columns,
          nicolae_kite_square_tiling_tiny, nicolae_twisty_statue_hallways,
          uniq_crazy_yiuf_cottage
D:3:      layout_basic
D:4:      layout_rooms, uniq_pikel, uniq_grinder

Skill      XL: |  1  2  3  4 |
---------------+-------------+-----
Ranged Weapons | 4 |  4.5
Armour         | 1 |  1.0
Fighting       | 3 |  3.1
Dodging        | |  2.1
Stealth        | |  0.7

Action                     |  1- 3 |  4- 6 || total
---------------------------+-------+-------++-------
   Fire: Shortbow          |   105 |   104 ||   209
    Use: Scroll            |     2 |     6 ||     8
         Potion            |     1 |     1 ||     2
 Armour: Leather armour    |    17 |       ||    17
         Ring mail         |     7 |    37 ||    44
  Dodge: Dodged            |    24 |    46 ||    70

Table legend:
 A = Non-vault XP
 B = Vault XP
 C = Vault XP percentage of total XP
 D = Non-vault monster count
 E = Vault monster count
 F = Vault count percentage of total count
                 A         B        C        D         E       F
            +---------+---------+-------+---------+---------+-------
      Total |     174 |       0 |   0.0 |      64 |       0 |   0.0
            +---------+---------+-------+---------+---------+-------
        D:1 |      40 |       0 |   0.0 |      23 |       0 |   0.0
        D:2 |      61 |       0 |   0.0 |      21 |       0 |   0.0
        D:3 |      30 |       0 |   0.0 |      16 |       0 |   0.0
        D:4 |      43 |       0 |   0.0 |       4 |       0 |   0.0
            +---------+---------+-------+---------+---------+-------
